Map: Ephemeron LE

Players

Bunny

  • Race: Terran Terran
  • Spawn Location: 5:00

Impact - Winner!

  • Race: Zerg Zerg
  • League: Grandmaster
  • Spawn Location: 11:00

VOD

Have the link to the VOD?

Description

Time

  • Played on: Jan. 16, 2020, 5:05 a.m.
  • Length: 5:59
Show
View Real Time Build Order
Export as new Build Order

Bunny Terran 

Build Orders: Reaper Expand 

Get SALT Encoding   

  12  0:00  SCV  
  13  0:13  SCV  
  14  0:17  Supply Depot  
  14  0:25  SCV  
  15  0:38  SCV  
  15  0:41  Barracks  
  16  0:43  Refinery  
  16  0:50  SCV  
  17  1:02  SCV  
  18  1:15  SCV  
  19  1:27  Orbital Command  
  19  1:28  Reaper  
  20  1:40  Command Center  
  20  1:51  Supply Depot  
  20  1:52  SCV  
  21  2:00  Marine  
  22  2:05  SCV  
  23  2:08  Factory  
  23  2:17  SCV  
  23  2:21  Barracks Reactor  
  24  2:29  SCV  
  25  2:40  Command Center  
  25  2:42  SCV  
  26  2:52  Orbital Command  
  26  2:55  SCV  
  27  3:02  Hellion x2  
  31  3:08  SCV  
  31  3:09  Barracks Tech Lab  
  31  3:19  SCV  
  30  3:20  SCV  
  29  3:31  Marine, SCV  
  29  3:32  SCV  
  29  3:34  Stimpack  
  32  3:36  Barracks  
  32  3:43  SCV  
  32  3:44  SCV, Refinery  
  34  3:48  Marine  
  35  3:55  SCV  
  35  3:56  SCV  
  35  3:58  Starport  
  35  4:02  Factory Reactor  
  37  4:06  Marine  
  37  4:07  SCV  
  37  4:08  SCV  
  39  4:20  SCV x2  
  39  4:22  Supply Depot  
  41  4:24  Marine  
  41  4:27  Marine x2, Refinery  
  44  4:32  SCV x2  
  46  4:39  Engineering Bay  
  46  4:41  Engineering Bay  
  46  4:44  SCV x2, Medivac x2  
  46  4:45  Supply Depot  
  52  4:47  Marine x2  
  54  4:53  Factory Tech Lab  
  54  5:02  Marine, SCV x2, Orbital Command  
  54  5:05  Marine x2  
  59  5:09  Refinery  
  59  5:14  SCV x2  
  59  5:19  Supply Depot  
  61  5:22  Marine  
  61  5:23  Marine  
  61  5:26  SCV  
  65  5:29  Supply Depot  
  68  5:40  Marine x3  
Show
View Real Time Build Order
Export as new Build Order

Impact Zerg - Winner!

Build Orders: Pool First 

Get SALT Encoding   

  12  0:00  Drone  
  13  0:12  Overlord  
  13  0:17  Drone  
  14  0:30  Drone x2  
  14  0:35  Drone  
  17  0:45  Extractor  
  17  0:46  Spawning Pool  
  16  0:50  Drone  
  16  0:55  Drone  
  17  1:06  Drone  
  18  1:18  Hatchery  
  17  1:22  Drone  
  18  1:34  Zergling x2  
  18  1:36  Queen  
  21  1:48  Metabolic Boost  
  21  1:50  Overlord  
  21  1:54  Zergling x2  
  22  2:11  Queen  
  22  2:12  Drone x2  
  26  2:22  Drone  
  27  2:30  Queen  
  27  2:31  Drone  
  27  2:33  Drone  
  31  2:42  Drone  
  31  2:43  Drone  
  33  2:44  Overlord  
  33  2:47  Drone  
  34  2:51  Drone  
  34  2:54  Pneumatized Carapace  
  34  2:57  Drone  
  36  3:13  Hatchery  
  36  3:15  Drone  
  36  3:16  Drone  
  36  3:18  Overlord  
  37  3:22  Drone  
  37  3:26  Drone x2  
  39  3:32  Drone  
  39  3:33  Drone  
  42  3:35  Drone  
  42  3:37  Drone  
  44  3:43  Roach Warren  
  44  3:45  Extractor  
  44  3:46  Zergling x4  
  44  3:50  Zergling x4  
  44  3:51  Zergling x2  
  44  3:52  Extractor  
  44  3:54  Drone  
  44  3:55  Drone  
  46  4:00  Drone x2  
  48  4:08  Overlord x2  
  48  4:09  Overlord  
  48  4:10  Drone  
  49  4:23  Roach  
  51  4:27  Roach x6  
  63  4:33  Roach x2  
  63  4:36  Roach x2  
  71  4:40  Drone  
  71  4:41  Extractor, Drone  
  71  4:45  Overlord  
  72  4:46  Drone  
  72  4:52  Ravager  
  74  4:57  Overlord  
  74  4:59  Overlord  
  74  5:03  Zergling x10  
  79  5:09  Ravager  
  79  5:10  Ravager  
  79  5:12  Zergling x6  
  84  5:14  Overlord  
  84  5:17  Ravager  
  84  5:18  Ravager  
  84  5:20  Zergling x2  
  87  5:21  Zergling x2  
  87  5:24  Zergling x2  
  87  5:25  Ravager  
  90  5:29  Drone x2  
  90  5:35  Drone  
  92  5:42  Drone  
  93  5:46  Ravager x3, Drone  
Tags
 
Add a new tag
Caveats
  • Supply blocks, unpowered buildings, or Contaminate may cause inaccurate times.
  • Supply counts are checked every 10 seconds.